 Dungeon Crawl Stone Soup version 0.21.1-1-g345015f (webtiles) character file.

198 nicolaieve the Chopper (level 5, -4/45 HPs)
             Began as a Minotaur Berserker on June 24, 2018.
             Was a Priest of Trog.
             Slain by a centaur (5 damage)
             ... on level 3 of the Dungeon.
             The game lasted 00:09:55 (1863 turns).

nicolaieve the Chopper (Minotaur Berserker)         Turns: 1863, Time: 00:09:56

Health: -4/45      AC:  5    Str: 23    XL:     5   Next: 47%
Magic:  4/4        EV: 11    Int:  4    God:    Trog [***...]
Gold:   199        SH:  0    Dex:  9    Spells: 4/4 levels left

rFire    . . .     SeeInvis .   a - +0 hand axe
rCold    . . .     Gourm    .   (no shield)
rNeg     . . .     Faith    .   f - +0 ring mail
rPois    .         Spirit   .   (helmet restricted)
rElec    .         Reflect  .   (no cloak)
rCorr    .         Harm     .   (no gloves)
MR       .....                  (no boots)
Stlth    ..........             (no amulet)
HPRegen  0.15/turn              (no ring)
MPRegen  0.09/turn              (no ring)

@: berserk cooldown, slowed, very slow
A: retaliatory headbutt, horns 2
a: Berserk, Trog's Hand, Burn Spellbooks, Renounce Religion


You were on level 3 of the Dungeon.
You worshipped Trog.
Trog was most pleased with you.
You were not hungry.

You visited 1 branch of the dungeon, and saw 3 of its levels.

You collected 199 gold pieces.

Inventory:

Hand Weapons
 a - a +0 hand axe (weapon)
Armour
 b - a +0 animal skin
 f - a +0 ring mail (worn)
Jewellery
 m - an uncursed ring of positive energy {unknown}
Wands
 n - a wand of random effects (20)
Scrolls
 e - 8 scrolls of identify {unknown}
 g - a scroll of immolation {unknown}
 h - a scroll of enchant weapon {unknown}
 i - a scroll of blinking {unknown}
 j - 2 scrolls of noise {unknown}
 o - a scroll of amnesia {unknown}
Potions
 k - a potion of might {unknown}
 l - a potion of haste {unknown}
 p - a potion of lignification {unknown}
Comestibles
 c - 3 rations
 d - 3 chunks of flesh


   Skills:
 - Level 3.6 Fighting
 * Level 7.5 Axes
 - Level 2.4 Armour
 - Level 2.1 Dodging


You had 4 spell levels left.
You didn't know any spells.

Dungeon Overview and Level Annotations

Branches:
Dungeon (3/15)

Altars:


Innate Abilities, Weirdness & Mutations

You reflexively headbutt those who attack you in melee.
You have a pair of horns on your head.


Message History

You see here an arrow.
The centaur unwields an uncursed shortbow.
The centaur hits you but does no damage.
The centaur barely misses you.
You barely miss the centaur. The centaur hits you!
* * * LOW HITPOINT WARNING * * *
The centaur hits you.
* * * LOW HITPOINT WARNING * * *
You hit the centaur. Your headbutt misses the centaur.
The centaur is moderately wounded.
The centaur hits you.
* * * LOW HITPOINT WARNING * * *
The centaur misses you.
Unknown command.
You hit the centaur.
The centaur is heavily wounded.
The centaur hits you.
* * * LOW HITPOINT WARNING * * *
The centaur hits you.
You die...

#.......#.........#
#########.>#####..#
####..#####..#
#............#
#.##..######.#
#.##..#
#.#.###.##..######
#.....c..........#
c.##.###@##..####...
###.........#
............#####
.##.###..##.# ###
#..##.##### ##.#
#.........# #...
#.........# #..#
.#.####.##.######
##.# ...........#
#.# #.#


You could see a centaur.

Vanquished Creatures
  Ijyb (D:3)
  3 gnolls (D:3)
  6 adders
  3 worms
  A dart slug (D:1)
  A leopard gecko (D:3)
  2 ball pythons
  4 giant cockroaches
  14 goblins
  11 hobgoblins
  8 jackals
  A quokka (D:3)
  8 bats
  2 frilled lizards
  3 kobolds
  8 rats
76 creatures vanquished.

Notes
Turn   | Place    | Note
-------+----------+-------------------------------------------
     0 | D:1      | nicolaieve the Minotaur Berserker began the quest for the Orb.
     0 | D:1      | Reached XP level 1. HP: 19/19 MP: 0/0
   142 | D:1      | Reached skill level 4 in Axes
   171 | D:1      | Reached XP level 2. HP: 26/26 MP: 1/1
   433 | D:1      | Reached ** piety under Trog
   621 | D:1      | Reached skill level 5 in Axes
   672 | D:2      | Reached XP level 3. HP: 27/31 MP: 2/2
   807 | D:2      | Reached skill level 6 in Axes
   807 | D:2      | Reached XP level 4. HP: 18/39 MP: 3/3
  1293 | D:3      | Found a faded altar of an unknown god.
  1449 | D:3      | Reached *** piety under Trog
  1457 | D:3      | Noticed Ijyb
  1465 | D:3      | Killed Ijyb
  1465 | D:3      | Reached skill level 7 in Axes
  1465 | D:3      | Reached XP level 5. HP: 24/45 MP: 4/4
  1856 | D:3      | Noticed a centaur
  1863 | D:3      | HP: 1/45 [centaur (2)]
  1863 | D:3      | Slain by a centaur

Skill      XL: |  1  2  3  4 |
---------------+-------------+-----
Axes           | 4 5 6 7 |  7.5
Fighting       | |  3.6
Armour         | |  2.4
Dodging        | |  2.1

Action                   |  1- 3 |  4- 6 || total
-------------------------+-------+-------++-------
Melee: Hand axe          |    66 |    87 ||   153
       Headbutt          |    14 |    10 ||    24
Invok: Berserk           |       |     2 ||     2
  Eat: Chunk             |       |     5 ||     5
Armor: Ring mail         |    23 |    37 ||    60
       Animal skin       |     1 |       ||     1
Dodge: Dodged            |    33 |    59 ||    92
